 Dungeon Crawl Stone Soup version 0.21.0-3-g78d12a8bdd (webtiles) character file.

29386 Hat the Fencer (level 13, -4/116 HPs)
             Began as a Minotaur Fighter on Jan 11, 2018.
             Shot with an arrow by a deep elf archer (19 damage)
             ... on level 14 of the Dungeon on Jan 12, 2018.
             The game lasted 01:55:01 (13323 turns).

Hat the Fencer (Minotaur Fighter)                  Turns: 13323, Time: 01:55:01

Health: -4/116     AC: 17    Str: 26    XL:     13   Next: 14%
Magic:  12/12      EV: 13    Int:  5    God:
Gold:   878        SH:  0    Dex: 10    Spells: 12/12 levels left

rFire    . . .     SeeInvis +   h - +1 triple sword (freeze)
rCold    . . .     Gourm    .   (shield currently unavailable)
rNeg     . . .     Faith    .   v - +0 plate armour
rPois    .         Spirit   .   (helmet restricted)
rElec    .         Reflect  .   (no cloak)
rCorr    .         Harm     .   g - +0 pair of gloves
MR       .....                  (no boots)
Stlth    ..........             n - amulet of regeneration
HPRegen  0.69/turn              k - ring of see invisible
MPRegen  0.13/turn              d - +5 ring of evasion

@: confused, slowed, very slow
A: retaliatory headbutt, horns 2
a: no special abilities


You were on level 14 of the Dungeon.
You were hungry.

You visited 2 branches of the dungeon, and saw 15 of its levels.

You collected 878 gold pieces.

Inventory:

Hand Weapons
 a - a +0 long sword
 h - a +1 triple sword of freezing (weapon)
Armour
 g - a +0 pair of gloves (worn)
 v - a +0 plate armour (worn)
 M - a +2 shield
 O - a +2 buckler
 P - a +2 shield of poison resistance
Jewellery
 d - a +5 ring of evasion (right hand)
 k - a ring of see invisible (left hand)
 n - an amulet of regeneration (around neck)
 r - an uncursed ring of wizardry
 D - an uncursed amulet of rage
 J - an uncursed amulet of magic regeneration
Wands
 p - a wand of flame (57)
 s - a wand of random effects (53)
 u - a wand of digging (13)
 C - a wand of clouds (9)
 I - a wand of polymorph (26)
 Q - a wand of acid (3)
Scrolls
 c - 4 scrolls of identify
 i - a scroll of random uselessness
 j - a scroll of fear
 l - 2 scrolls of immolation
 t - 8 scrolls of teleportation
 w - 6 scrolls of remove curse
 y - 2 scrolls of amnesia
 z - 3 scrolls of magic mapping
 F - a scroll of enchant weapon
 G - a scroll of enchant armour {unknown}
 L - a scroll of blinking
Potions
 b - 3 potions of brilliance {unknown}
 e - 3 potions of heal wounds
 m - 3 potions of curing
 o - 3 potions of agility
 q - 2 potions of cancellation {unknown}
 x - a potion of lignification
 A - a potion of berserk rage {unknown}
 B - a potion of haste {unknown}
 K - 2 potions of flight
Books
 E - a book of Misfortune

   Spells                             Type                      Level
   a - Confusing Touch                Hexes                        1
   b - Confuse                        Hexes                        3
   c - Gell's Gravitas                Translocation                3
   d - Petrify                        Transmutation/Earth          4
   e - Metabolic Englaciation         Hexes/Ice                    5
   f - Yara's Violent Unravelling     Hexes/Transmutation          5
 H - a book of Beasts

   Spells                             Type                      Level
   a - Summon Butterflies             Summoning                    1
   b - Call Canine Familiar           Summoning                    3
   c - Summon Ice Beast               Ice/Summoning                4
   d - Summon Mana Viper              Hexes/Summoning              5
   e - Summon Hydra                   Summoning                    7
Comestibles
 f - 21 rations
 N - 6 chunks of flesh


   Skills:
 + Level 11.6 Fighting
 + Level 15.1 Long Blades
 + Level 12.8 Armour
 - Level 0.5 Stealth
 + Level 14.0 Shields


You had 12 spell levels left.
You didn't know any spells.

Dungeon Overview and Level Annotations

Branches:
Dungeon (14/15)            Temple (1/1) D:4            Lair (0/6) D:9
    Orc (0/2) D:12         Vaults (0/5) D:13

Altars:
Ashenzari
Cheibriados
Dithmenos
Elyvilon
Fedhas
Gozag
Hepliaklqana
Kikubaaqudgha
Makhleb
Nemelex Xobeh
Okawaru
Qazlal
Ru
Sif Muna
Trog
Uskayaw
Vehumet
Wu Jian
Xom
Yredelemnul
Zin
The Shining One

Shops:
D:5 *   D:7 !


Innate Abilities, Weirdness & Mutations

You reflexively headbutt those who attack you in melee.
You have a pair of horns on your head.


Message History

You feel as though you will be slow longer.
The deep elf archer shoots an arrow.
The arrow barely misses you.
The deep elf archer shoots an arrow.
The arrow misses you.
There is a stone staircase leading up here.
The deep elf archer casts a spell at you.
You are confused.
In your confused state, you trip and fall back down the stairs.
* * * LOW HITPOINT WARNING * * *
The deep elf archer shoots an arrow.
The arrow hits you!
* * * LOW HITPOINT WARNING * * *
The deep elf archer shoots an arrow.
The arrow hits you.
* * * LOW HITPOINT WARNING * * *
The deep elf archer shoots an arrow.
The arrow barely misses you.
In your confused state, you trip and fall back down the stairs.
* * * LOW HITPOINT WARNING * * *
The deep elf archer gestures at you while chanting.
You are more confused.
The deep elf archer blinks!
The deep elf archer shoots an arrow.
The arrow hits you!!
You die...

#....$....## ..
##.........## ...
#####.[.......###...
##..(...........#..#
#..e..............#
#..(............###
#....ยง..........#
#...............##
##..@............##
#................#
##(...)..........##
#.....<..........#
##...............##
##...............#
##..............#
##............##
##...........#


You could see a deep elf archer.

Vanquished Creatures
  Rupert (D:13)
  Gastronok (D:11)
  The ghost of Zaque the Unspoiled, a journeyman DsMo of Qazlal (D:9)
  3 centaur warriors
  6 two-headed ogres
  A tengu warrior (D:13)
  Sonja (D:13)
  2 unseen horrors
  A deep elf archer (D:13)
  An orc knight (D:13)
  2 deep elf magi (D:13)
  3 ugly things
  4 cyclopes
  The ghost of IsvaffelMax the Chopper, a novice BaCK of Xom (D:4)
  3 gargoyles
  3 centaur skeletons
  2 kobold demonologists
  3 trolls
  A hornet (D:13)
  4 hippogriffs
  A shadow (D:11)
  5 yaks (D:11)
  A spriggan (D:8)
  A vampire (D:12)
  2 vampire mosquitoes
  A hungry ghost (D:9)
  2 water moccasins
  2 sky beasts
  Duvessa (D:7)
  2 ice beasts
  2 eyes of draining (D:13)
  8 orc warriors
  2 necrophages (D:10)
  2 black bears
  9 ogres
  8 centaurs
  5 big kobolds
  9 bullfrogs
  2 gnoll sergeants
  Dowan (D:7)
  2 wyvern skeletons
  2 scorpions (D:8)
  5 killer bees (D:10)
  3 howler monkeys
  8 wights
  6 crimson imps
  A centaur zombie (D:5)
  A bullfrog zombie (D:5)
  5 jellies
  7 orc priests
  3 hounds
  8 orc wizards
  2 bullfrog skeletons
  9 iguanas
  9 worker ants
  3 hound skeletons
  A mummy (D:8)
  2 worker ant zombies
  8 gnolls
  12 adders
  An adder zombie (D:5)
  3 adder skeletons
  2 worms (D:2)
  2 dart slugs
  5 leopard geckos
  53 orcs
  7 bats
  3 giant cockroaches
  2 gnoll zombies (D:3)
  8 goblins
  2 hobgoblins
  12 jackals
  2 quokkas
  2 ball pythons
  6 frilled lizards
  29 kobolds
  2 kobold zombies (D:8)
  A leopard gecko skeleton (D:6)
  7 rats
356 creatures vanquished.

Notes
Turn   | Place    | Note
-------+----------+-------------------------------------------
     0 | D:1      | Hat the Minotaur Fighter began the quest for the Orb.
     0 | D:1      | Reached XP level 1. HP: 19/19 MP: 0/0
   217 | D:1      | Reached XP level 2. HP: 27/27 MP: 1/1
   581 | D:1      | Reached skill level 3 in Long Blades
   581 | D:1      | Reached XP level 3. HP: 33/33 MP: 2/2
   945 | D:2      | Reached XP level 4. HP: 31/40 MP: 3/3
  1120 | D:2      | Reached skill level 4 in Long Blades
  1555 | D:3      | Reached XP level 5. HP: 47/47 MP: 4/4
  1563 | D:3      | Noticed a centaur
  1575 | D:3      | Killed a centaur
  1575 | D:3      | Reached skill level 5 in Shields
  1619 | D:3      | Found a hazy altar of Hepliaklqana.
  1723 | D:3      | Found a snail-covered altar of Cheibriados.
  1937 | D:3      | Found a basalt altar of Yredelemnul.
  2016 | D:3      | Found a glowing silver altar of Zin.
  2314 | D:3      | Found a shadowy altar of Dithmenos.
  2488 | D:4      | Noticed IsvaffelMax's ghost (novice BaCK)
  2513 | D:4      | Killed IsvaffelMax's ghost
  2513 | D:4      | Reached skill level 5 in Fighting
  2513 | D:4      | Reached skill level 6 in Long Blades
  2513 | D:4      | Reached skill level 5 in Armour
  2513 | D:4      | Reached XP level 6. HP: 11/56 MP: 5/5
  2513 | D:4      | Reached XP level 7. HP: 12/61 MP: 6/6
  2712 | D:4      | Found a burning altar of Makhleb.
  2712 | D:4      | Found a radiant altar of Vehumet.
  2891 | D:4      | Found a hide-covered altar of Uskayaw.
  3002 | D:4      | Found a staircase to the Ecumenical Temple.
  3013 | Temple   | Entered the Ecumenical Temple
  3384 | D:5      | Entered Level 5 of the Dungeon
  3391 | D:5      | Found Kuometz's Assorted Antiques.
  3419 | D:5      | Found an opulent altar of Gozag.
  3524 | D:5      | Found a transporter.
  3534 | D:5      | Noticed a vampire mosquito
  3575 | D:5      | Found an iron altar of Okawaru.
  3586 | D:5      | Found a transporter.
  3922 | D:5      | Reached XP level 8. HP: 63/68 MP: 7/7
  4002 | D:5      | Reached skill level 7 in Long Blades
  4230 | D:6      | Noticed a hippogriff
  4241 | D:6      | Killed a hippogriff
  4262 | D:6      | Reached skill level 8 in Long Blades
  4754 | D:6      | Reached XP level 9. HP: 75/75 MP: 8/8
  4808 | D:7      | Reached skill level 9 in Long Blades
  5047 | D:7      | Found a glowing golden altar of the Shining One.
  5127 | D:7      | Noticed Dowan
  5128 | D:7      | Noticed Duvessa
  5135 | D:7      | Killed Duvessa
  5148 | D:7      | Killed Dowan
  5276 | D:7      | Found Mirras's Distillery.
  5458 | D:8      | Noticed a cyclops
  5492 | D:8      | Killed a cyclops
  5560 | D:8      | Found a sand-covered staircase.
  5613 | D:8      | Reached skill level 10 in Long Blades
  5638 | D:8      | Noticed a two-headed ogre
  5651 | D:8      | Killed a two-headed ogre
  5731 | D:8      | Found a shimmering altar of Xom.
  5755 | D:8      | Reached XP level 10. HP: 81/86 MP: 9/9
  5822 | D:8      | Reached skill level 10 in Shields
  5834 | D:8      | Found an ancient bone altar of Kikubaaqudgha.
  5837 | D:8      | Found a blossoming altar of Fedhas.
  6311 | D:9      | Noticed Zaque's ghost (journeyman DsMo)
  6321 | D:9      | Reached skill level 11 in Long Blades
  6631 | D:9      | Killed Zaque's ghost
  7162 | D:9      | Found a staircase to the Lair.
  7353 | D:10     | Entered Level 10 of the Dungeon
  7384 | D:10     | Noticed a two-headed ogre
  7399 | D:10     | Noticed a two-headed ogre
  7419 | D:10     | Killed a two-headed ogre
  7419 | D:10     | Reached skill level 10 in Armour
  7430 | D:9      | Killed a two-headed ogre
  7588 | D:10     | Reached skill level 12 in Long Blades
  7613 | D:10     | Reached XP level 11. HP: 84/95 MP: 10/10
  7875 | D:10     | Noticed a two-headed ogre
  7908 | D:10     | HP: 2/95 [orc priest/divine providence (16)]
  8098 | D:10     | Killed a two-headed ogre
  8970 | D:11     | Noticed a centaur warrior
  8990 | D:11     | Killed a centaur warrior
  9172 | D:11     | Noticed a two-headed ogre
  9188 | D:11     | Killed a two-headed ogre
  9405 | D:11     | Found a basalt altar of Yredelemnul.
  9638 | D:11     | Reached skill level 13 in Long Blades
  9677 | D:11     | Noticed an unseen horror
  9706 | D:11     | Noticed Gastronok
  9910 | D:11     | Killed Gastronok
 10014 | D:11     | Reached skill level 10 in Fighting
 10040 | D:11     | Reached XP level 12. HP: 44/106 MP: 11/11
 10652 | D:12     | Noticed a two-headed ogre
 10661 | D:12     | Killed a two-headed ogre
 11487 | D:12     | Found a staircase to the Orcish Mines.
 11511 | D:12     | Reached skill level 14 in Long Blades
 11796 | D:13     | Noticed a tengu warrior
 11808 | D:13     | Killed a tengu warrior
 12081 | D:13     | Noticed Rupert
 12134 | D:13     | HP: 5/108 [Rupert/triple sword of freezing (4)]
 12169 | D:13     | Killed Rupert
 12230 | D:13     | Noticed a centaur warrior
 12245 | D:13     | Killed a centaur warrior
 12557 | D:13     | Found a gate to the Vaults.
 12596 | D:13     | Noticed Sonja
 12625 | D:13     | Killed Sonja
 12625 | D:13     | Reached XP level 13. HP: 71/116 MP: 12/12
 12910 | D:13     | Reached skill level 15 in Long Blades
 13323 | D:14     | Shot with an arrow by a deep elf archer

Skill      XL: |  1  2  3  4  5  6  7  8  9 10 11 12 13 |
---------------+----------------------------------------+-----
Fighting       | 4 5 6 7 8 10 11 | 11.6
Armour         | 4 5 6 7 8 10 11 12 | 12.8
Long Blades    | 3 4 6 8 10 12 13 14 15 | 15.1
Shields        | 4 5 6 7 9 11 12 14 | 14.0
Stealth        | |  0.5

Action                   |  1- 3 |  4- 6 |  7- 9 | 10-12 | 13-15 || total
-------------------------+-------+-------+-------+-------+-------++-------
Melee: Long sword        |    94 |    87 |   355 |   861 |       ||  1397
       Headbutt          |    15 |    21 |    81 |   246 |     5 ||   368
       Triple sword      |       |       |       |    64 |    38 ||   102
  Use: Scroll            |       |     5 |     4 |    10 |       ||    19
       Potion            |       |     5 |     3 |     7 |       ||    15
  Eat: Chunk             |       |     5 |     8 |    13 |     2 ||    28
       Ration            |       |       |     1 |     5 |       ||     6
Armor: Scale mail        |    36 |    23 |    45 |       |       ||   104
       Plate armour      |       |       |    70 |   265 |    21 ||   356
Dodge: Dodged            |    39 |    20 |    68 |   234 |    20 ||   381
Block: Shield            |    43 |    44 |   175 |   436 |       ||   698
       Rpst.: Long sword |    14 |     6 |    12 |    38 |       ||    70
       Triple sword      |       |       |       |     8 |     2 ||    10
